 Dungeon Crawl Stone Soup version 0.30.1-9-gdf580d7c3d (webtiles) character file.

Game seed: 9107346002821745934

132 eliilek the Shield-Bearer (level 4, -10/41 HPs)
             Began as a Minotaur Fighter on Oct 6, 2023.
             Was an Initiate of Gozag.
             Mangled by an ogre
             ... wielding a +0 giant spiked club
              (31 damage)
             ... on level 4 of the Dungeon.
             The game lasted 00:08:01 (2954 turns).

eliilek the Shield-Bearer (Minotaur Fighter)        Turns: 2954, Time: 00:08:02

Health: -10/41     AC:  8    Str: 22    XL:     4   Next: 92%
Magic:  3/3        EV:  9    Int:  5    God:    Gozag
Gold:   511        SH:  5    Dex: 10    Spells: 3/3 levels left

rFire   . . .        a - +0 flail (flame)
rCold   . . .        c - +0 buckler
rNeg    . . .        b - +0 scale mail
rPois   .            (helmet restricted)
rElec   .            (no cloak)
rCorr   .            (no gloves)
SInv    +            r - +0 pair of boots
Will    .....        (no amulet) Stlth
                     l - ring of see invisible
HPRegen 0.26/turn    (no ring)
MPRegen 0.08/turn

%: no passive effects
@: no status effects
A: horns 2, retaliatory headbutt
a: Renounce Religion, Potion Petition, Call Merchant, Bribe Branch


You were on level 4 of the Dungeon.
You worshipped Gozag.
Gozag was pleased with you.
You visited 1 branch of the dungeon, and saw 4 of its levels.

You collected 511 gold pieces.

Inventory:

Hand Weapons
 a - a +0 flail of flaming (weapon)
Armour
 b - a +0 scale mail (worn)
 c - a +0 buckler (worn)
 r - a +0 pair of boots (worn)
Jewellery
 l - a ring of see invisible (left hand)
Scrolls
 f - a scroll of poison {unknown}
 g - a scroll of torment {unknown}
 h - a scroll of silence {unknown}
 i - a scroll of identify {unknown}
 k - a scroll of teleportation {unknown}
 n - 2 scrolls of brand weapon
 s - a scroll of noise {unknown}
 t - a scroll of magic mapping {unknown}
 v - a scroll of vulnerability {unknown}
Potions
 d - a potion of might
 e - a potion of flight {unknown}
 j - a potion of brilliance {unknown}
 m - a potion of heal wounds {unknown}
 o - 2 potions of haste {unknown}
 p - 2 potions of cancellation {unknown}
 q - a potion of lignification {unknown}
 w - a potion of curing {unknown}


   Skills:
 + Level 4.3 Fighting
 * Level 4.0 Maces & Flails
 + Level 4.2 Armour
 * Level 5.0 Shields


You had 3 spell levels left.
You didn't know any spells.
Your spell library contained the following spells:

 Spells                   Type           Power      Damage    Failure   Level
 Apportation              Tloc           0%         N/A       86%         1
 Summon Guardian Golem    Hex/Summ       0%         N/A       99%         3
 Teleport Other           Tloc           0%         N/A       99%         3
 Vhi's Electric Charge    Tloc/Air       0%         N/A       99%         3
 Alistair's Intoxication  Tmut/Pois      0%         N/A       100%        5
 Orb of Destruction       Conj           0%         9d5       100%        7
 Spellforged Servitor     Conj/Summ      0%         N/A       100%        7


Dungeon Overview and Level Annotations

Branches:
Dungeon (4/15)
 Temple: D:4-7

Altars:
Cheibriados
Elyvilon
Gozag


Innate Abilities, Weirdness & Mutations

You have a pair of horns on your head.
You reflexively headbutt those who attack you in melee.


Message History

You see here a +0 falchion.
You see here a +0 dagger.
You now have 511 gold pieces (gained 5).
You see here a +0 hand axe.
You open the door.
There is an open door here.
An ogre comes into view. It is wielding a +0 giant spiked club.
The ogre shouts!
An orc comes into view. It is wielding a +0 dagger.
There is an open door here.
Throw: 3 darts (poison)
Press: ? - help, Q - select action, (/) - cycle Shift-Dir - straight line, f - ogre
Aim: an ogre, wielding a +0 giant spiked club (73% to hit)
You throw a poisoned dart. The poisoned dart hits the ogre.
The ogre is poisoned.
Unknown command.
Throw: 2 darts (poison)
Press: ? - help, Q - select action, (/) - cycle Shift-Dir - straight line, f/p - ogre
Aim: an ogre, wielding a +0 giant spiked club (lightly wounded, poisoned, 73% to hit)
You throw a poisoned dart.
The poisoned dart barely misses the ogre.
Throw: dart (poison)
Press: ? - help, Q - select action, (/) - cycle Shift-Dir - straight line, f/p - ogre
Aim: an ogre, wielding a +0 giant spiked club (lightly wounded, poisoned, 73% to hit)
You throw a poisoned dart. The poisoned dart hits the ogre.
The ogre is lightly wounded.
You closely miss the ogre.
The ogre is lightly wounded.
You block the ogre's attack.
You hit the ogre. You burn the ogre. Your headbutt misses the ogre.
The ogre is heavily wounded.
The ogre looks more healthy.
The ogre hits you with a +0 giant spiked club!!
Ouch! That really hurt!
You hit the ogre. You burn the ogre. Your headbutt misses the ogre.
The ogre is severely wounded.
The ogre hits you with a +0 giant spiked club!!
Ouch! That really hurt!
You die...
Your body crumbles into a pile of gold.

$ # ..# ....# ......#####
.((.(.oO@.###
.......##...###
.#.....#......###
......##........##### $
......#.........))).#
.....##....(.....##.#
.....#.....#.....#..#####
#.o.##..........##......#
#...........###......


You could see an ogre and an orc.

Vanquished Creatures
  Natasha (D:2)
  3 adders
  2 dart slugs
  6 orcs
  7 ball pythons
  4 endoplasms
  3 giant cockroaches
  5 goblins
  6 hobgoblins
  3 jackals (D:2)
  A kobold (D:1)
  5 quokkas
  7 bats
  8 frilled lizards
  8 rats
69 creatures vanquished.

Notes
Turn   | Place    | Note
-------+----------+-------------------------------------------
     0 | D:1      | eliilek the Minotaur Fighter began the quest for the Orb.
     0 | D:1      | Reached XP level 1. HP: 19/19 MP: 0/0
    71 | D:1      | Found a faded altar of an unknown god.
   234 | D:1      | Prayed at the altar of an unknown god.
   234 | D:1      | Became a worshipper of Gozag Ym Sagoz the Greedy
   244 | D:1      | Reached XP level 2. HP: 27/27 MP: 1/1
   255 | D:1      | Reached skill level 4 in Shields
   874 | D:2      | Found a snail-covered altar of Cheibriados.
  1009 | D:2      | Reached XP level 3. HP: 31/33 MP: 2/2
  1083 | D:2      | Noticed Natasha
  1087 | D:2      | Killed Natasha
  1496 | D:2      | Reached XP level 4. HP: 36/40 MP: 3/3
  1629 | D:2      | Got the Tome of Nonlocality
  2122 | D:3      | Found a white marble altar of Elyvilon.
  2910 | D:4      | Reached skill level 5 in Shields
  2945 | D:4      | Noticed an ogre
  2954 | D:4      | Mangled by an ogre

Illustrated notes

Levels and vault maps discovered:
D:1:      nzn_arrival_water_spiral, layout_loops_ring,
          hellmonk_ecumenical_altar_crossroads
D:2:      layout_basic, basic_altar, minmay_bisected, uniq_natasha
D:3:      layout_basic, nicolae_elyvilon_peaceful_grove, minmay_cut_off
D:4:      minmay_skewed_foursquare, layout_cave_pods, roderic_lattice_a,
          uniq_edmund

Skill      XL: |  1  2  3  4 |
---------------+-------------+-----
Shields        | 4 5 |  5.0
Maces & Flails | 3 4 |  4.0
Fighting       | 4 |  4.3
Armour         | 4 |  4.2

Action                     |  1- 3 |  4- 6 || total
---------------------------+-------+-------++-------
  Melee: Flail             |    85 |    66 ||   151
         Headbutt          |    10 |     5 ||    15
  Throw: Dart              |       |     3 ||     3
    Use: Scroll            |       |     1 ||     1
 Armour: Scale mail        |    40 |    36 ||    76
  Dodge: Dodged            |    28 |    34 ||    62
  Block: Buckler           |    19 |    14 ||    33
